cohdb
Replays
Latest Replays
All Replays
Popular Replays
Top Player Replays
Match Explorer
How It Works
Community
CoH3 Stats
Reddit
Sign in to upload your games and track your stats! →
Sign in with Steam
Match 31366063
Unlisted
Match 31366063
Overview
Messages
Build Orders
End
Engineer Squad
Construct Barracks
Selects Armored Battlegroup
Selects Veteran Crews
Riflemen Squad
Riflemen Squad
Riflemen Squad
Riflemen Squad
Infantry Support Center
Selects Fast Deploy
Construct Motor Pool
M1 Mortar Team
Construct Medical Station
Selects M8 Scott SPG
M8 Scott SPG
M1918 Browning Automatic Rifles
Engineer Squad
Grenade Package
Construct Motor Pool
M1 Anti-tank Gun Team
M8 Scott SPG
Construct Tank Depot
Construct Tank Depot
Selects UNKNOWN (2160077)
Selects Field Repairs
M18 Hellcat Tank Destroyer
UMirinBrah?
FeriG
0
0
Comments
sign in to comment!
No comments posted yet!